 Dungeon Crawl Stone Soup version 0.19-a0-682-g708bd0e (webtiles) character file.

2039 TheGoonsmith the Frost Mage (level 9, -12/57 HPs)
             Began as a Merfolk Ice Elementalist on June 17, 2016.
             Hit by a tomahawk thrown by an orc warrior (13 damage)
             ... on level 6 of the Dungeon.
             The game lasted 00:11:27 (9349 turns).

TheGoonsmith the Frost Mage (MfIE)                  Turns: 9349, Time: 00:11:27

Health: -12/57     AC:  4    Str:  8    XL:     9   Next: 24%
Magic:  9/15       EV: 13    Int: 16    God:
Gold:   438        SH:  0    Dex: 16    Spells: 5 memorised, 2 levels left

rFire  . . .     SeeInvis .     F - +0 falchion
rCold  . . .     Gourm    .     a - +0 robe
rNeg   . . .     Faith    .     (no shield)
rPois  .         Spirit   .     (no helmet)
rElec  .         Dismiss  .     q - +0 cloak
rCorr  .         Reflect  .     (no gloves)
SustAt +         Harm     .     m - +0 pair of boots
MR     .....                    (no amulet)
Stlth  ++........               (no ring)
                                x - ring of sustain attributes

@: repel missiles, not resistant to hostile enchantments, unstealthy
A: change form in water, swift swim
a: no special abilities


You were on level 6 of the Dungeon.
You were hungry.

You visited 1 branch of the dungeon, and saw 6 of its levels.
You also visited: Sewer and Ossuary.

You collected 438 gold pieces.

Inventory:

Hand Weapons
 F - a +0 falchion (weapon)
Armour
 a - a +0 robe (worn)
 m - a +0 pair of boots (worn)
 q - a +0 cloak (worn)
Jewellery
 x - a ring of sustain attributes (left hand)
 D - an uncursed amulet of rage {unknown}
Scrolls
 e - 8 scrolls of teleportation
 g - 3 scrolls of remove curse
 j - a scroll of immolation {unknown}
 k - a scroll of blinking
 l - 2 scrolls of recharging
 p - 8 scrolls of identify
 s - 3 scrolls of fear
 y - a scroll of magic mapping
 E - a scroll of amnesia {unknown}
 H - a scroll of fog
 J - a scroll of vulnerability {unknown}
Potions
 d - a potion of cure mutation
 f - 2 potions of flight
 o - a potion of agility
 r - a potion of degeneration
 u - a potion of curing
 w - a potion of berserk rage {unknown}
 z - a potion of heal wounds
 A - a potion of mutation {unknown}
 G - a potion of might {unknown}
Books
 b - a book of Frost

   Spells                             Type                      Level
   a - Freeze                         Ice                          1
   b - Throw Frost                    Conjuration/Ice              2
   c - Ozocubu's Armour               Charms/Ice                   3
   d - Throw Icicle                   Conjuration/Ice              4
   e - Summon Ice Beast               Ice/Summoning                4
 c - Sif Muna's Disquisition on Boosts
   (You found it on level 6 of the Dungeon)

   Spells                             Type                      Level
   a - Infusion                       Charms                       1
   b - Shroud of Golubria             Charms/Translocation         2
   c - Repel Missiles                 Charms/Air                   2
   d - Excruciating Wounds            Charms/Necromancy            5
 B - a Necronomicon

   Spells                             Type                      Level
   a - Haunt                          Necromancy/Summoning         7
   b - Borgnjor's Revivification      Necromancy                   8
   c - Death's Door                   Charms/Necromancy            8
   d - Necromutation                  Transmutation/Necromancy     8
 C - a book of Maledictions

   Spells                             Type                      Level
   a - Corona                         Hexes                        1
   b - Ensorcelled Hibernation        Hexes/Ice                    2
   c - Confuse                        Hexes                        3
   d - Tukima's Dance                 Hexes                        3
   e - Dazzling Spray                 Conjuration/Hexes            3
Comestibles
 h - 3 slices of pizza
 i - 4 meat rations
 n - 3 beef jerkies
 t - 3 bread rations
 v - 2 fruits
 I - 2 chunks of flesh


   Skills:
 - Level 2.6 Dodging
 - Level 2.1 Stealth
 - Level 4.0 Spellcasting
 + Level 3.4 Conjurations
 - Level 4.0 Charms
 + Level 4.0 Summonings
 * Level 9.8 Ice Magic
 + Level 0.4 Air Magic


You had 2 spell levels left.
You knew the following spells:

 Your Spells              Type           Power        Failure   Level  Hunger
a - Freeze                Ice            ####         1%          1    None
c - Summon Ice Beast      Ice/Summ       ####....     12%         4    ####...
d - Throw Icicle          Conj/Ice       ###.....     12%         4    ####...
r - Repel Missiles        Chrm/Air       ##....       12%         2    ##.....
A - Ozocubu's Armour      Chrm/Ice       ####....     3%          3    ###....


Dungeon Overview and Level Annotations

Branches:
Dungeon (6/15)
 Temple: D:4-7

Altars:
Ashenzari
Cheibriados
Fedhas
Hepliaklqana
Qazlal
Trog
Zin
The Shining One


Message History

Confirm with . or Enter, or press ? or * to list all spells.
Aiming: Freeze
Press: ? - help, Shift-Dir - straight line, f/p - orc warrior
Aim: an orc warrior, wielding a mace and wearing a chain mail (severely wounded)
You freeze the orc warrior.
The orc warrior is severely wounded.
The orc warrior hits you with a mace!
* * * LOW HITPOINT WARNING * * *
The orc closely misses you.
Casting: Freeze
Confirm with . or Enter, or press ? or * to list all spells.
Aiming: Freeze
Press: ? - help, Shift-Dir - straight line, f/p - orc warrior
Aim: an orc warrior, wielding a mace and wearing a chain mail (severely wounded)
You freeze the orc warrior.
The orc warrior is almost dead.
The orc warrior throws a tomahawk.
The tomahawk barely misses you.
The orc throws a stone.
The stone misses you.
The orc warrior throws a tomahawk.
The tomahawk hits you!
You die...

#.......#####......#####
*......,* #.###.......
*,..)..,* #.###..#####
###...### #......# #
#.......# ###.##.# #
#....oo.# #####.##.# #
#.......# #.....##.# #
##......# #.###.##.## #
#.....@# #.# #.#.#.####
#.....(# #.# #..###....
#.#..(.# #.# #.## ##.##
#.####.# #(# #..###^###
#,* #.# #.###.#.#.##≈.
*,* #.# #.#.#.##.##≈##
#.####.###.>#..#####≈##
#..........###.....#.#.
######......#......#≈#≈


You could see an orc warrior and an orc.

Vanquished Creatures
  Menkaure (Ossuary)
  A black bear (D:6)
  2 centaurs
  4 ogres
  A crocodile (D:4)
  2 giant frogs
  5 killer bees (D:5)
  3 hounds
  A giant frog skeleton (D:5)
  4 orc priests
  2 centaur skeletons
  4 orc wizards
  Ijyb (D:2)
  An iguana (D:5)
  Terence (D:2)
  Natasha (thrice) (D:3)
  4 worker ants
  2 river rats (D:6)
  17 adders
  2 adder skeletons
  2 worms
  2 dart slugs (D:2)
  7 giant geckos
  19 orcs
  13 giant cockroaches
  2 gnoll zombies (Ossuary)
  17 goblins
  11 hobgoblins
  7 jackals
  8 kobolds
  2 quokkas (D:3)
  4 ball pythons
  7 bats
  12 giant newts
  3 gnoll skeletons (Ossuary)
  3 goblin skeletons (Ossuary)
  2 goblin zombies (Ossuary)
  3 hobgoblin skeletons (Ossuary)
  5 hobgoblin zombies (Ossuary)
  2 kobold skeletons (Ossuary)
  5 kobold zombies (Ossuary)
  6 orc skeletons (Ossuary)
  An orc zombie (Ossuary)
  8 rats
  2 rat skeletons (Ossuary)
  4 rat zombies (Ossuary)
218 creatures vanquished.

Vanquished Creatures (others)
  3 mummies (Ossuary)
  A goblin skeleton (Ossuary)
  A goblin zombie (Ossuary)
  A hobgoblin skeleton (Ossuary)
  A hobgoblin zombie (Ossuary)
  2 kobold skeletons (Ossuary)
  A kobold zombie (Ossuary)
  An orc skeleton (Ossuary)
  An orc zombie (Ossuary)
  A rat skeleton (Ossuary)
  2 rat zombies (Ossuary)
15 creatures vanquished.

Grand Total: 233 creatures vanquished

Notes
Turn   | Place    | Note
--------------------------------------------------------------
     0 | D:1      | TheGoonsmith the Merfolk Ice Elementalist began the quest for the Orb.
     0 | D:1      | Reached XP level 1. HP: 13/13 MP: 3/3
   609 | D:1      | Reached XP level 2. HP: 19/19 MP: 3/5
  1041 | D:2      | Reached skill level 4 in Ice Magic
  1316 | D:2      | Reached XP level 3. HP: 24/24 MP: 2/6
  2108 | D:2      | Noticed Ijyb
  2179 | D:2      | Killed Ijyb
  2179 | D:2      | Reached XP level 4. HP: 19/30 MP: 0/8
  2326 | D:2      | Noticed Terence
  2329 | D:2      | Found a stormy altar of Qazlal.
  2335 | D:2      | Found a faded altar of an unknown god.
  2344 | D:2      | Killed Terence
  2344 | D:2      | Reached skill level 5 in Ice Magic
  2414 | D:2      | Reached XP level 5. HP: 27/35 MP: 6/9
  2943 | D:2      | Reached skill level 6 in Ice Magic
  2943 | D:2      | Reached XP level 6. HP: 11/41 MP: 4/11
  3651 | D:2      | Learned a level 3 spell: Ozocubu's Armour
  3656 | D:2      | Learned a level 4 spell: Summon Ice Beast
  3661 | D:2      | Learned a level 4 spell: Throw Icicle
  3718 | D:3      | Noticed Natasha
  3727 | D:3      | Killed Natasha
  4014 | D:3      | Noticed Natasha
  4020 | D:3      | HP: 2/41 [Natasha/magic dart (10)]
  4026 | D:3      | Killed Natasha
  4312 | D:3      | Noticed Natasha
  4317 | D:3      | Killed Natasha
  4401 | D:3      | Found a glowing silver altar of Zin.
  4489 | D:3      | Found a hazy altar of Hepliaklqana.
  4628 | D:3      | Reached skill level 7 in Ice Magic
  4987 | D:4      | Reached skill level 1 in Conjurations
  4987 | D:4      | Reached skill level 1 in Summonings
  4987 | D:4      | Reached XP level 7. HP: 29/46 MP: 4/13
  5021 | D:4      | Found a sand-covered staircase.
  5034 | Ossuary  | Entered an ossuary
  5038 | Ossuary  | Reached skill level 1 in Charms
  5841 | Ossuary  | Noticed Menkaure
  5854 | Ossuary  | Killed Menkaure
  6125 | D:4      | Found a shattered altar of Ashenzari.
  6462 | D:4      | Reached skill level 8 in Ice Magic
  6462 | D:4      | Reached XP level 8. HP: 33/52 MP: 5/14
  6628 | D:4      | Found a bloodstained altar of Trog.
  6756 | D:4      | HP: 2/52 [centaur skeleton (7)]
  7152 | D:5      | Entered Level 5 of the Dungeon
  7217 | D:5      | Found a snail-covered altar of Cheibriados.
  7677 | D:5      | Found a glowing golden altar of the Shining One.
  8262 | D:5      | Reached skill level 9 in Ice Magic
  8513 | D:6      | Found a glowing drain.
  8542 | Sewer    | Entered a sewer
  8576 | Sewer    | Reached XP level 9. HP: 46/57 MP: 5/15
  8898 | D:6      | Identified Sif Muna's Disquisition on Boosts
  9129 | D:6      | Learned a level 2 spell: Repel Missiles
  9164 | D:6      | Found a blossoming altar of Fedhas.
  9346 | D:6      | HP: 1/57 [orc warrior/mace (13)]
  9349 | D:6      | Hit by a tomahawk thrown by an orc warrior

Vault maps used:
D:1:      matt_arrival_diagonals
D:2:      kennysheep_the_goblin_king, lemuel_round_altar, ecumenical_altar_2,
          serial_park_tiny_pond, uniq_terence
D:3:      nicolae_overflow_hidden_temple, uniq_natasha
D:4:      ashenzari_altar_1, enter_ossuary_3, trog_hazing_becter
D:5:      cheibriados_altar_1, first_bread, kennysheep_crisscross,
          nicolae_tso_swordbearing_angel
D:6:      gup_sewer_entry_spiral, eino_small_chamber_without_monster,
          fedhas_altar_1
Sewer:    sewer_frog_island_01
Ossuary:  ossuary_due_pyramid

Skill      XL: |  1  2  3  4  5  6  7  8  9 |
---------------+----------------------------+-----
Ice Magic      | 4 5 6 7 8 9 |  9.8
Spellcasting   | 3 4 |  4.0
Conjurations   | 1 3 |  3.4
Summonings     | 1 3 4 |  4.0
Charms         | 2 4 |  4.0
Dodging        | |  2.6
Stealth        | |  2.1
Air Magic      | |  0.4

Action                   |  1- 3 |  4- 6 |  7- 9 || total
-------------------------+-------+-------+-------++-------
Melee: Unarmed           |    55 |    25 |   344 ||   424
       Falchion          |       |       |    47 ||    47
 Cast: Freeze            |    59 |   111 |   196 ||   366
       Ozocubu's Armour  |       |     1 |    18 ||    19
       Repel Missiles    |       |       |     1 ||     1
  Use: Potion            |     1 |       |     5 ||     6
       Scroll            |       |     7 |     3 ||    10
 Stab: Sleeping          |       |       |     3 ||     3
  Eat: Chunk             |     4 |     9 |     7 ||    20
       Bread ration      |       |       |     2 ||     2
Armor: Robe              |    11 |    25 |   114 ||   150
Dodge: Dodged            |    66 |    74 |   353 ||   493
